 Dungeon Crawl Stone Soup version 0.31-a0-479-g91c9547826 (console) character file.

Game seed: 16324916987709165169

28 Lexodia the Vexing (level 2, 0/11 HPs)
             Began as a Felid Enchanter on Aug 7, 2023.
             Slain by an adder (3 damage)
             ... on level 2 of the Dungeon.
             The game lasted 00:02:35 (631 turns).

Lexodia the Vexing (Felid Enchanter)                 Turns: 631, Time: 00:02:36

Health: 0/11       AC:  1    Str:  4    XL:     2   Next: 96%
Magic:  4/6        EV: 17    Int: 16    God:
Gold:   87         SH:  0    Dex: 16    Spells: 3/5 levels left
                                        Lives:  0   Deaths: 0

rFire   . .          .
                       - Unarmed
rCold   . . .        (shield unavailable)
rNeg    . . .        (body armour unavailable)
rPois   .            (helmet unavailable)
rElec   .            (cloak unavailable)
rCorr   .            (gloves unavailable)
SInv    +            (boots unavailable)
Will    .....        f - amulet of regeneration
Stlth   +++          (no ring)
HPRegen 1.01/turn    (no ring)
MPRegen 0.10/turn

%: no passive effects
@: quick
A: very small, claws 1, fangs 3, see invisible, speed 1, shaggy fur 1, stealthy
paws, no weapons or thrown items, no armour, multi-lived
a: no special abilities


You were on level 2 of the Dungeon.
You visited 1 branch of the dungeon, and saw 2 of its levels.

You collected 87 gold pieces.

Inventory:

Jewellery
 f - an amulet of regeneration (around neck)
Scrolls
 b - 4 scrolls of identify {unknown}
 d - a scroll of teleportation {unknown}
Potions
 a - 2 potions of invisibility
 c - a potion of curing {unknown}
 e - a potion of enlightenment {unknown}


   Skills:
 - Level 2.6 Dodging
 + Level 4.4 Stealth
 * Level 2.0 Unarmed Combat
 + Level 2.2 Spellcasting
 + Level 4.8 Hexes


You had 3 spell levels left.
You knew the following spells:

 Your Spells              Type           Power      Damage    Failure   Level
a - Ensorcelled Hibernat  Hex/Ice        18%        N/A       12%         2

Your spell library contained the following spells:

 Spells                   Type           Power      Damage    Failure   Level
 Confusing Touch          Hex            17%        N/A       9%          3
 Tukima's Dance           Hex            17%        N/A       9%          3
 Dazzling Flash           Conj/Hex       18%        N/A       22%         3


Dungeon Overview and Level Annotations

Branches:
Dungeon (2/15)

Altars:


Innate Abilities, Weirdness & Mutations

You have sharp claws.
You have razor-sharp teeth.
You have supernaturally acute eyesight. (SInv)
You cover ground quickly. (Speed+)
You are covered in fur. (AC +1)
Your paws help you pounce on unaware monsters.
You are incapable of wielding weapons or throwing items.
You cannot wear armour.
You gain extra lives every three experience levels.


Message History

The ball python looks drowsy...
You pounce on the unaware helpless ball python!
You claw the ball python!
You kill the ball python!
Magic restored.
You now have 87 gold pieces (gained 3).
A ball python comes into view.
A ball python is nearby!
Found 15 gold pieces, a scroll labelled QIC BAV EPI NYE and 9 stones.
You pounce on the unaware helpless ball python!
You claw the ball python!
You kill the ball python!
An adder comes into view.
Found a faded altar of an unknown god.
An endoplasm comes into view.
The endoplasm quivers.
An adder comes into view.
Found a stone staircase leading up.
The adder misses you.
You see here 15 gold pieces.
You miss the adder. The adder barely misses you.
You scratch the adder but do no damage.
The adder hisses angrily.
The adder misses you.
You closely miss the adder. The adder bites you. x2
Damage: -18%(-2hp) hp: 82%(9hp)
You closely miss the adder. The adder closely misses you.
The adder bites you but does no damage.
You closely miss the adder. The adder bites you. x2
Huge Dmg: -54%(-6hp) hp: 37%(4hp)
Casting: Ensorcelled Hibernation (safe; 12% risk of failure)
Confirm with . or Enter, or press ? or * to list all spells.
Aiming: Ensorcelled Hibernation (safe; 12% risk of failure)
Press: ? - help, Shift-Dir - straight line, f - adder
Aim: an adder (chance to affect: 51%)
The adder resists with significant effort.
The endoplasm hits you.
* * * LOW HITPOINT WARNING * * *
The adder barely misses you. The adder bites you.
You die...

...~#.###.#.######...
..~~.#.##...# ..
~~.~..#...####
≈≈~~~~#......##
._≈............#
≈≈~~~~#..........
~~.~..#......###.
..~~.#J........
...~#(?@.....### ..
#...SS....# #
#.#........#
..##........# ###
#......<.# ##########


You could see 2 adders and an endoplasm.

Vanquished Creatures
  A dart slug (D:1)
  An endoplasm (D:1)
  3 hobgoblins (D:1)
  3 quokkas
  3 ball pythons
  3 bats (D:1)
  4 goblins (D:1)
  2 kobolds (D:1)
  5 rats (D:1)
25 creatures vanquished.

Notes
Turn   | Place    | Note
-------+----------+-------------------------------------------
     0 | D:1      | Lexodia the Felid Enchanter began the quest for the Orb.
     0 | D:1      | Reached XP level 1. HP: 7/7 MP: 4/4
    19 | D:1      | Huge Dmg: 4 dmg
    74 | D:1      | Reached XP level 2. HP: 10/11 MP: 6/6
    79 | D:1      | Learned a level 2 spell: Ensorcelled Hibernation
   256 | D:1      | Huge Dmg: 3 dmg
   262 | D:1      | Huge Dmg: 2 dmg
   310 | D:1      | Huge Dmg: 3 dmg
   312 | D:1      | Huge Dmg: 3 dmg
   620 | D:2      | Found a faded altar of an unknown god.
   631 | D:2      | Huge Dmg: 6 dmg
   631 | D:2      | Slain by an adder

Illustrated notes

Levels and vault maps discovered:
D:1:      minmay_arrival_stair_chambers, layout_rooms
D:2:      minmay_inner_zag, layout_rooms,
          shapermc_ecumenical_altar_starsandcircs, kennysheep_small_spiral

Skill      XL: |  1  2 |
---------------+-------+-----
Unarmed Combat | 2 |  2.0
Dodging        | |  2.6
Stealth        | |  4.4
Spellcasting   | |  2.2
Hexes          | |  4.8

Action                     || total
---------------------------++-------
  Melee: Unarmed           ||    63
         Bite              ||     6
   Cast: Ensorcelled Hiber ||     4
   Stab: Sleeping          ||    12
 Armour: Skin              ||    14
  Dodge: Dodged            ||    72

Table legend: (Time is in decaauts)
 A = Elapsed time spent in this place.
 B = Non-inter-level travel time spent in this place.
 C = Inter-level travel time spent in this place.
 D = Time resting spent in this place.
 E = Time spent auto-exploring this place.
 F = Levels seen in this place.
 G = Mean time per level.
                   A        B        C        D        E       F      G
               +--------+--------+--------+--------+--------+-----+--------+
         Total |    540 |    530 |     10 |      0 |    354 |   2 |  270.0 |
       Dungeon |    540 |    530 |     10 |      0 |    354 |   2 |  270.0 |
               +--------+--------+--------+--------+--------+-----+--------+

Top non-repeatable levels by time:
     D:1: 494 daAuts
     D:2: 45 daAuts
